 Dungeon Sprint DCSS version 0.26-a0-708-g17f3b190f9 (webtiles) character file.

Game seed: 13846801258697419306

7359 mhtbhm the Impaler (level 10, 0/105 HPs)
             Began as a Black Draconian Berserker on Oct 29, 2020.
             Was the Champion of Trog.
             Slain by an elephant (7 damage)
             ... in the Dungeon (Sprint IX: "|||||||||||||||||||||||||||||").
             The game lasted 00:02:19 (1484 turns).

mhtbhm the Impaler (Black Draconian Berserker)      Turns: 1484, Time: 00:02:20

Health: 0/105      AC:  8    Str: 22    XL:     10   Next: 91%
Magic:  10/10      EV: 17    Int: 15    God:    Trog [******]
Gold:   0          SH:  0    Dex: 10    Spells: 9/9 levels left

rFire    . . .     SeeInvis .   a - +4 halberd (vorpal)
rCold    . . .     Faith    .   (shield currently unavailable)
rNeg     . . .     Spirit   .   (armour unavailable)
rPois    .         Reflect  .   (helmet restricted)
rElec    +         Harm     .   k - +0 cloak
rCorr    .         Rampage  .   (no gloves)
MR       .....     NoTele   +   (no boots)
Stlth    +++.......             (no amulet)
HPRegen  0.27/turn              l - +3 ring of intelligence
MPRegen  0.12/turn              m - +3 ring of intelligence

@: no status effects
A: breathe lightning, unfitting armour, electricity resistance, cold-blooded, AC
+7
a: Breathe Lightning, Berserk, Trog's Hand, Brothers in Arms, Renounce Religion


You were in the Dungeon.
You worshipped Trog.
Trog was exalted by your worship.
You visited 1 branch

Inventory:

Hand Weapons
 a - a +4 vorpal halberd (weapon)
Armour
 k - a +0 cloak (worn)
Jewellery
 l - a +3 ring of intelligence (left hand)
 m - a +3 ring of intelligence (right hand)
Wands
 j - a wand of acid (10)
Scrolls
 g - 2 scrolls of blinking
 i - 3 scrolls of remove curse
 q - a scroll of fog
 r - 6 scrolls of enchant weapon
 s - a scroll of identify
Potions
 b - 7 potions of curing
 c - 5 potions of heal wounds
 d - a potion of haste
 e - 4 potions of magic
 f - a potion of berserk rage
 h - a potion of invisibility
 n - 4 potions of stabbing
 o - 3 potions of mutation
 p - a potion of cancellation


   Skills:
 + Level 15.0 Fighting
 + Level 18.0 Polearms
 + Level 10.6 Dodging
 + Level 4.8 Stealth


You had 9 spell levels left.
You didn't know any spells.
Your spell library was empty.

Dungeon Overview and Level Annotations

Branches:
Dungeon (1/1)

Altars:
Cheibriados
Dithmenos
Elyvilon
Fedhas
Gozag
Hepliaklqana
Kikubaaqudgha
Makhleb
Nemelex Xobeh
Okawaru
Qazlal
Ru
Sif Muna
Trog
Uskayaw
Vehumet
Wu Jian
Xom
Yredelemnul
Zin
The Shining One
Beogh
Jiyva
Lugonu


Innate Abilities, Weirdness & Mutations

You can breathe wild blasts of lightning.
Your glossy black scales are hard. (AC +7)
You cannot fit into any form of body armour.
You are resistant to electric shocks. (rElec)
You are cold-blooded and may be slowed by cold attacks.


Message History

The dire elephant is almost dead.
You puncture the dire elephant!
You kill the dire elephant!
Trog accepts your kill.
Your Fighting skill increases to level 15!
Your Polearms skill increases to level 18!
Things that are here:
a glowing trident {god gift}; an elephant corpse
There is an open door, spattered with blood here.
You see here a +2 halberd of venom.
You hit the elephant.
You tail-slap the elephant, but do no damage.
The elephant is lightly wounded.
The elephant tramples you!
* * * LOW HITPOINT WARNING * * *
You stumble backwards!
You impale the elephant!!
Your tail-slap misses the elephant.
The elephant is severely wounded.
The elephant tramples you!
You die...

▓_▓.▓.▓
▓_▓.▓.▓
▓_▓.▓)▓
▓_▓.▓'▓
▓_▓.▓)▓
▓_▓.▓.▓
▓_▓.▓.▓
▓_▓.▓.▓
▓_▓.▓@▓
▓_▓.▓Y▓
▓_▓.▓.▓
▓_▓.▓.▓
▓_▓.▓.▓
▓'▓.▓'▓
▓.▓.▓.▓
▓?▓.▓.▓
▓)▓.▓.▓


You could see an elephant.

Vanquished Creatures
  2 dire elephants (D)
  A centaur warrior (D)
  4 elephants (D)
  A cane toad (D)
  5 komodo dragons (D)
  A blink frog (D)
  A shadow (D)
  4 yaks (D)
  5 water moccasins (D)
  A black bear (D)
  An ogre (D)
  A phantom (D)
  A centaur (D)
  A bullfrog (D)
  A gnoll sergeant (D)
  A wight (D)
  A hound (D)
  A worker ant (D)
  A shadow imp (D)
  A white imp (D)
  An ufetubus (D)
  An ooze (D)
  A worm (D)
  A leopard gecko (D)
  2 orcs (D)
  A bat skeleton (D)
  A hobgoblin (D)
  A jackal (D)
  A bat (D)
  A rat (D)
46 creatures vanquished.

Notes
Turn   | Place    | Note
-------+----------+-------------------------------------------
     0 | D        | mhtbhm the Draconian Berserker began the quest for the Orb.
     0 | D        | Reached XP level 1. HP: 19/19 MP: 1/1
    10 | D        | Reached ** piety under Trog
    17 | D        | Reached XP level 2. HP: 14/27 MP: 2/2
   162 | D        | Noticed an ogre
   162 | D        | Noticed a gnoll sergeant
   167 | D        | Reached skill level 5 in Fighting
   167 | D        | Reached skill level 4 in Polearms
   167 | D        | Reached XP level 3. HP: 36/36 MP: 3/3
   172 | D        | Killed an ogre
   172 | D        | Reached *** piety under Trog
   172 | D        | Reached skill level 6 in Polearms
   172 | D        | Reached skill level 5 in Dodging
   172 | D        | Reached XP level 4. HP: 45/45 MP: 4/4
   186 | D        | Killed a gnoll sergeant
   186 | D        | Reached skill level 7 in Polearms
   186 | D        | Reached XP level 5. HP: 53/53 MP: 5/5
   209 | D        | Found a roughly hewn altar of Beogh.
   209 | D        | Found a snail-covered altar of Cheibriados.
   209 | D        | Found a shadowy altar of Dithmenos.
   209 | D        | Found a white marble altar of Elyvilon.
   209 | D        | Found a blossoming altar of Fedhas.
   209 | D        | Found an opulent altar of Gozag.
   210 | D        | Found a hazy altar of Hepliaklqana.
   211 | D        | Found a viscous altar of Jiyva.
   212 | D        | Found an ancient bone altar of Kikubaaqudgha.
   213 | D        | Found a corrupted altar of Lugonu.
   214 | D        | Found a burning altar of Makhleb.
   215 | D        | Found a sparkling altar of Nemelex Xobeh.
   216 | D        | Found an iron altar of Okawaru.
   217 | D        | Found a stormy altar of Qazlal.
   218 | D        | Found a sacrificial altar of Ru.
   219 | D        | Found a shimmering blue altar of Sif Muna.
   220 | D        | Found a bloodstained altar of Trog.
   221 | D        | Found a hide-covered altar of Uskayaw.
   222 | D        | Found a radiant altar of Vehumet.
   223 | D        | Found an ornate altar of the Wu Jian Council.
   224 | D        | Found a shimmering altar of Xom.
   225 | D        | Found a basalt altar of Yredelemnul.
   226 | D        | Found a glowing silver altar of Zin.
   227 | D        | Found a glowing golden altar of the Shining One.
   264 | D        | Noticed a phantom
   266 | D        | Reached **** piety under Trog
   268 | D        | Reached skill level 8 in Polearms
   273 | D        | Killed a phantom
   273 | D        | Reached XP level 6. HP: 62/62 MP: 6/6
   278 | D        | Reached ***** piety under Trog
   324 | D        | Noticed a centaur warrior
   324 | D        | Noticed a shadow
   331 | D        | Killed a centaur warrior
   331 | D        | Received a gift from Trog
   331 | D        | Reached skill level 10 in Fighting
   331 | D        | Reached skill level 11 in Polearms
   331 | D        | Reached skill level 1 in Stealth
   331 | D        | Your scales start taking on a glossy black colour.
   331 | D        | Reached XP level 7. HP: 73/73 MP: 7/7
   331 | D        | Gained mutation: You are resistant to electric shocks.
                  | (rElec) [Black Draconian growth]
   334 | D        | Reached XP level 8. HP: 82/82 MP: 8/8
   342 | D        | Reached skill level 12 in Polearms
   639 | D        | Noticed a komodo dragon
   639 | D        | Noticed a komodo dragon
   648 | D        | Killed a komodo dragon
   648 | D        | Reached skill level 13 in Polearms
   648 | D        | Noticed a cane toad
   651 | D        | Killed a komodo dragon
   654 | D        | Reached XP level 9. HP: 90/90 MP: 9/9
   657 | D        | Received a gift from Trog
   665 | D        | Reached skill level 14 in Polearms
   668 | D        | Killed a cane toad
   868 | D        | Noticed a komodo dragon
   868 | D        | Noticed a komodo dragon
   873 | D        | Killed a komodo dragon
   873 | D        | Reached skill level 15 in Polearms
   874 | D        | Noticed a komodo dragon
   878 | D        | Killed a komodo dragon
   878 | D        | Reached skill level 10 in Dodging
   881 | D        | Received a gift from Trog
   898 | D        | Killed a komodo dragon
   898 | D        | Reached ****** piety under Trog
   898 | D        | Reached skill level 16 in Polearms
   898 | D        | Reached XP level 10. HP: 101/101 MP: 10/10
   978 | D        | Noticed an elephant
   978 | D        | Noticed an elephant
   978 | D        | Noticed an elephant
   978 | D        | Noticed a dire elephant
   978 | D        | Noticed a dire elephant
   978 | D        | Noticed an elephant
   982 | D        | Killed an elephant
   994 | D        | Killed an elephant
   994 | D        | Killed a dire elephant
   994 | D        | Reached skill level 17 in Polearms
  1289 | D        | Killed an elephant
  1301 | D        | Killed an elephant
  1301 | D        | Received a gift from Trog
  1302 | D        | Noticed an elephant
  1471 | D        | Killed a dire elephant
  1471 | D        | Reached skill level 15 in Fighting
  1471 | D        | Reached skill level 18 in Polearms
  1484 | D        | Slain by an elephant

Illustrated notes

Levels and vault maps discovered:
D:        linesprint [early_d, line_temple, items_1, d_10, items_2, lair_1,
          lair_end, items_3, orc_1, orc_end, items_4, d_15, swamp_1, shoals_1,
          snake_1, spider_1, d_20, vaults_1, items_5, swamp_end, shoals_end,
          snake_end, spider_end, vaults_end, d_27, items_6, zot_1, zot_end,
          crypt_end, forest_end, elf_end, slime_end, tomb_end, abyss_end,
          pan_hell_end]

Skill      XL: |  1  2  3  4  5  6  7  8  9 10 |
---------------+-------------------------------+-----
Dodging        | 3 4 5 6 7 8 9 10 | 10.6
Fighting       | 4 5 6 7 8 10 11 12 13 15 | 15.0
Polearms       | 4 6 7 8 11 13 16 18 | 18.0
Stealth        | 1 2 3 4 |  4.8

Action                   |  1- 3 |  4- 6 |  7- 9 | 10-12 || total
-------------------------+-------+-------+-------+-------++-------
Melee: Spear             |    23 |    13 |       |       ||    36
       Tailslap          |     2 |     3 |     9 |    12 ||    26
       Halberd           |       |    18 |    68 |    41 ||   127
Invok: Berserk           |     1 |     2 |     2 |     1 ||     6
 Abil: Breathe Lightning |       |       |     1 |     1 ||     2
 Stab: Sleeping          |       |       |       |     1 ||     1
Armor: Skin              |     4 |     1 |     8 |     5 ||    18
Dodge: Dodged            |     8 |     6 |    27 |    10 ||    51

Table legend: (Time is in decaauts)
 A = Elapsed time spent in this place.
 B = Non-inter-level travel time spent in this place.
 C = Inter-level travel time spent in this place.
 D = Time resting spent in this place.
 E = Time spent auto-exploring this place.
 F = Levels seen in this place.
 G = Mean time per level.
                   A        B        C        D        E       F      G
               +--------+--------+--------+--------+--------+-----+--------+
         Total |   1493 |   1493 |      0 |    890 |    253 |   1 | 1493.0 |
       Dungeon |   1493 |   1493 |      0 |    890 |    253 |   1 | 1493.0 |
               +--------+--------+--------+--------+--------+-----+--------+

Top non-repeatable levels by time:
       D: 1493 daAuts
